 Dungeon Crawl Stone Soup version 0.30-b1-2-g02819fbbbe (webtiles) character file.

Game seed: 16583177823151628203

2033388 fun123 the Minotaur Barricade (level 25, 229/229 HPs)
             Began as a Minotaur Gladiator on Jan 17, 2024.
             Was an Elder of Okawaru.
             Escaped with the Orb
             ... and 3 runes!
             The game lasted 01:11:06 (46047 turns).

fun123 the Minotaur Barricade (Minotaur Gladiator) Turns: 46047, Time: 01:11:07

Health: 229/229    AC: 42    Str: 32    XL:     25   Next: 7%
Magic:  32/32      EV: 18    Int:  2    God:    Okawaru [****..]
Gold:   3790       SH: 26    Dex: 14    Spells: 24/24 levels left

rFire   + + +        J - +8 mithril axe "Arga" {speed, Will+}
rCold   + . .        R - +1 tower shield of Qeepin Buiq {Will+}
rNeg    + . .        V - +10 storm dragon scales {Bai Suzhen}
rPois   +            (helmet restricted)
rElec   +            o - +2 cloak
rCorr   .            C - +1 pair of gloves of Dust Devil {rPois Str+3}
SInv    .            X - +0 pair of boots {rampage}
Will    ++++.        L - amulet "Xeudoelu" {+Inv rF+ Regen+} Stlth
                     F - ring of the Inviting Pariah {rF++ rC+ rN+ Will+ Int-3}
HPRegen 1.38/turn    T - ring of the Tortoise {AC+8}
MPRegen 0.23/turn

%: rampage
@: studying Necromancy
A: horns 2, retaliatory headbutt, deformed body, frail 1
0: Orb of Zot
}: 3/15 runes: serpentine, barnacled, silver
a: Renounce Religion, Evoke Invisibility, Heroism, Finesse


You escaped.
You worshipped Okawaru.
Okawaru was greatly pleased with you.
You visited 10 branches of the dungeon, and saw 48 of its levels.
You visited the Abyss 1 time.
You also visited: Ice Cave.

You collected 7374 gold pieces.
You spent 3584 gold pieces at shops.

Inventory:

Hand Weapons
 b - the +7 shortbow of Day {drain, *Corrode Fly Dex+2}
   (You found it on level 3 of the Realm of Zot)

   Dex:       It affects your dexterity (+2).
   Fly:       It grants you flight.
   *Corrode:  It may corrode you when you take damage.
 J - the +8 mithril axe "Arga" (weapon) {speed, Will+}
   (You found it on level 6 of the Dungeon)

   Will:      It increases your willpower.
Missiles
 g - 3 javelins
 D - 17 throwing nets
 H - 14 curare-tipped darts (quivered)
Armour
 a - a +0 hat of see invisible
 o - a +2 cloak (worn)
 C - the +1 pair of gloves of Dust Devil (worn) {rPois Str+3}
   (Okawaru gifted it to you on level 5 of the Lair of Beasts)

   Str:       It affects your strength (+3).
   rPois:     It protects you from poison.
 R - the +1 tower shield of Qeepin Buiq (worn) {Will+}
   (Okawaru gifted it to you on level 1 of the Vaults)

   Will:      It increases your willpower.
 V - +10 storm dragon scales (worn) {Bai Suzhen}
 X - a +0 pair of boots of rampaging (worn)
Jewellery
 A - a ring of flight
 F - the ring of the Inviting Pariah (left hand) {rF++ rC+ rN+ Will+ Int-3}
   (You found it on level 1 of the Snake Pit)

   [ring of positive energy]

   Int:       It affects your intelligence (-3).
   rF:        It greatly protects you from fire.
   rC:        It protects you from cold.
   rN:        It protects you from negative energy.
   Will:      It increases your willpower.
 L - the amulet "Xeudoelu" (around neck) {+Inv rF+ Regen+}
   (You found it on level 3 of the Elven Halls)

   [amulet of regeneration]

   rF:        It protects you from fire.
   +Inv:      It lets you turn invisible.
   Regen:     It increases your rate of health regeneration.
 T - the ring of the Tortoise (right hand) {AC+8}
   (You took it off a tengu reaver on level 5 of the Vaults)

   [ring of protection]

   AC:        It affects your AC (+8).
Wands
 k - a wand of acid (24)
 m - a wand of iceblast (104)
 I - a wand of flame (121)
 M - a wand of digging (6)
 U - a wand of mindburst (3)
Scrolls
 c - 12 scrolls of fear
 e - 3 scrolls of silence
 i - 13 scrolls of amnesia
 j - 9 scrolls of poison
 p - 10 scrolls of fog
 r - 31 scrolls of identify
 t - 17 scrolls of teleportation
 v - 3 scrolls of vulnerability
 y - 3 scrolls of immolation
 z - 8 scrolls of blinking
 B - 6 scrolls of magic mapping
 P - 2 scrolls of butterflies
Potions
 d - 8 potions of might
 f - 11 potions of flight
 h - 7 potions of haste
 l - 8 potions of brilliance
 n - 7 potions of resistance
 q - 25 potions of curing
 s - 5 potions of invisibility
 u - 10 potions of mutation
 w - 8 potions of heal wounds
 x - a potion of attraction
 G - 12 potions of degeneration
 K - 5 potions of cancellation
 S - 3 potions of berserk rage
 W - 13 potions of lignification
 Y - 3 potions of magic
 Z - 15 potions of ambrosia
Miscellaneous
 E - a lightning rod (4/4)
 N - a box of beasts
 O - a tin of tremorstones (2/2)
 Q - a phantom mirror


   Skills:
 + Level 26.9 Fighting
 - Level 20.9(22.0) Axes
 - Level 12.0(17.8) Polearms
 - Level 2.0 Throwing
 - Level 22.0 Armour
 + Level 19.5 Dodging
 O Level 27 Shields
 - Level 14.0 Invocations


You had 24 spell levels left.
You didn't know any spells.
Your spell library contained the following spells:

 Spells                   Type           Power      Damage    Failure   Level
 Apportation              Tloc           0%         N/A       83%         1
 Beastly Appendage        Tmut           0%         N/A       83%         1
 Foxfire                  Conj/Fire      0%         2x1d4     83%         1
 Freeze                   Ice            0%         1d3       83%         1
 Kiss of Death            Conj/Necr      0%         2d5       83%         1
 Magic Dart               Conj           0%         1d3       83%         1
 Sandblast                Erth           0%         2d4       83%         1
 Sting                    Tmut/Pois      0%         1d3       83%         1
 Blink                    Tloc           0%         N/A       92%         2
 Cigotuvi's Dreadful Rot  Necr/Pois/Air  0%         N/A       92%         2
 Ensorcelled Hibernation  Hex/Ice        0%         N/A       92%         2
 Lesser Beckoning         Tloc           0%         N/A       92%         2
 Momentum Strike          Conj/Tloc      0%         3d8       92%         2
 Passwall                 Tmut/Erth      0%         N/A       92%         2
 Poisonous Vapours        Pois/Air       0%         N/A       92%         2
 Scorch                   Fire           0%         2d5       92%         2
 Searing Ray              Conj           0%         2d4       92%         2
 Wereblood                Tmut           0%         N/A       92%         2
 Confusing Touch          Hex            0%         N/A       99%         3
 Dazzling Flash           Conj/Hex       0%         N/A       99%         3
 Frozen Ramparts          Ice            0%         1d1       99%         3
 Gell's Gravitas          Tloc           0%         N/A       99%         3
 Hailstorm                Conj/Ice       0%         3d3       99%         3
 Ignite Poison            Fire/Tmut/Pois 0%         N/A       99%         3
 Mephitic Cloud           Conj/Pois/Air  0%         N/A       99%         3
 Ozocubu's Armour         Ice            0%         N/A       99%         3
 Portal Projectile        Hex/Tloc       0%         N/A       99%         3
 Spider Form              Tmut/Pois      0%         N/A       99%         3
 Stone Arrow              Conj/Erth      0%         3d7       99%         3
 Swiftness                Air            0%         N/A       99%         3
 Teleport Other           Tloc           0%         N/A       99%         3
 Vampiric Draining        Necr           0%         2d6       99%         3
 Vhi's Electric Charge    Tloc/Air       0%         N/A       99%         3
 Volatile Blastmotes      Fire/Tloc      0%         2d10      99%         3
 Anguish                  Hex/Necr       0%         N/A       100%        4
 Cause Fear               Hex            0%         N/A       100%        4
 Dispel Undead            Necr           0%         3d6       100%        4
 Flame Wave               Conj/Fire      0%         2d4       100%        4
 Fulminant Prism          Conj/Hex       0%         3d5       100%        4
 Ice Form                 Ice/Tmut       0%         N/A       100%        4
 Iskenderun's Mystic Bla  Conj/Tloc      0%         2d3       100%        4
 Leda's Liquefaction      Hex/Erth       0%         N/A       100%        4
 Olgreb's Toxic Radiance  Pois           0%         N/A       100%        4
 Passage of Golubria      Tloc           0%         N/A       100%        4
 Petrify                  Tmut/Erth      0%         N/A       100%        4
 Sticky Flame             Conj/Fire      0%         2d3       100%        4
 Arcjolt                  Conj/Air       0%         1d10      100%        5
 Blade Hands              Tmut           0%         N/A       100%        5
 Borgnjor's Vile Clutch   Necr/Erth      0%         N/A       100%        5
 Fireball                 Conj/Fire      0%         3d3       100%        5
 Freezing Cloud           Conj/Ice/Air   0%         6-21      100%        5
 Irradiate                Conj/Tmut      0%         3d11      100%        5
 Iskenderun's Battlesphe  Conj           0%         2d6       100%        5
 Lee's Rapid Deconstruct  Erth           0%         3d4*      100%        5
 Metabolic Englaciation   Hex/Ice        0%         N/A       100%        5
 Yara's Violent Unravell  Hex/Tmut       0%         3d3       100%        5
 Iron Shot                Conj/Erth      0%         9d1       100%        6
 Plasma Beam              Fire/Air       0%         2x1d11    100%        6
 Starburst                Conj/Fire      0%         6d3       100%        6
 Statue Form              Tmut/Erth      0%         N/A       100%        6
 Dragon Form              Tmut           0%         N/A       100%        7
 Enfeeble                 Hex            0%         N/A       100%        7
 Ozocubu's Refrigeration  Ice            0%         4d7       100%        7
 Storm Form               Tmut/Air       0%         N/A       100%        7
 Ignition                 Fire           0%         3d3       100%        8
 Maxwell's Capacitive Co  Air            0%         ∞         100%        8
 Necromutation            Tmut/Necr      0%         N/A       100%        8
 Polar Vortex             Ice            0%         N/A       100%        9
 Call Imp                 Summ           Unusable   N/A       N/A         2
 Summon Guardian Golem    Hex/Summ       Unusable   N/A       N/A         3
 Tukima's Dance           Hex            Unusable   N/A       N/A         3
 Summon Ice Beast         Ice/Summ       Unusable   N/A       N/A         4
 Summon Lightning Spire   Summ/Air       Unusable   N/A       N/A         4
 Simulacrum               Ice/Necr       Unusable   N/A       N/A         6
 Haunt                    Necr/Summ      Unusable   N/A       N/A         7
 Malign Gateway           Summ/Tloc      Unusable   N/A       N/A         7
 Spellforged Servitor     Conj/Summ      Unusable   N/A       N/A         7
 Summon Horrible Things   Summ           Unusable   N/A       N/A         8
 Dragon's Call            Summ           Unusable   N/A       N/A         9

Dungeon Overview and Level Annotations

Branches:
Dungeon (15/15)            Temple (1/1) D:5            Lair (5/5) D:10
 Shoals (4/4) Lair:2        Snake (4/4) Lair:2        Slime (0/5) Lair:5
    Orc (2/2) D:12            Elf (3/3) Orc:2        Vaults (5/5) D:13
  Crypt (0/3) Vaults:2     Depths (4/4) D:15            Zot (5/5) Depths:4
  IceCv (visited)

Altars:
Ashenzari
Cheibriados
Dithmenos
Elyvilon
Fedhas
Gozag
Hepliaklqana
Kikubaaqudgha
Makhleb
Nemelex Xobeh
Okawaru
Qazlal
Ru
Sif Muna
Trog
Uskayaw
Vehumet
Wu Jian
Xom
Yredelemnul
Zin
The Shining One
Jiyva

Shops:
D:14 :   Orc:2 =*?[?   Shoals:1 *   Snake:3 :   Snake:4 *   Vaults:1 !
Depths:1 (   Depths:3 (

Portals:
Hell: Depths:1 Depths:2 Depths:3 Depths:4
Abyss: Depths:3
Pandemonium: Depths:2
Ziggurat: Depths:2

Annotations:
Lair:5 1 runed translucent door
Snake:1 1 transporter
Elf:2 3 runed translucent doors
Depths:4 2 exclusions


Innate Abilities, Weirdness & Mutations

You have a pair of horns on your head.
You reflexively headbutt those who attack you in melee.
Armour fits poorly on your strangely shaped body.
You are frail. (-10% HP)


Message History

Okawaru accepts your kill.
You have mastered Shields!
No target in view!
No target in view!
No target in view!
No target in view!
No target in view!
(D) Dungeon (T) Temple (L) Lair (A) Shoals (P) Snake Pit (M) Slime Pits (O) Orcish Mines (E) Elven Halls (V) Vaults (C) Crypt (U) Depths (H) Hell (Z) Zot
Where to? (Enter - D:2, ? - help) HP restored.
There is a stone staircase leading up here.
You climb upwards.
There is a stone staircase leading down here.
(D) Dungeon (T) Temple (L) Lair (A) Shoals (P) Snake Pit (M) Slime Pits (O) Orcish Mines (E) Elven Halls (V) Vaults (C) Crypt (U) Depths (H) Hell (Z) Zot
Where to? (Enter - D:2, ? - help)
There is a stone staircase leading up here.
You climb upwards.
There is a stone staircase leading down here.
(D) Dungeon (T) Temple (L) Lair (A) Shoals (P) Snake Pit (M) Slime Pits (O) Orcish Mines (E) Elven Halls (V) Vaults (C) Crypt (U) Depths (H) Hell (Z) Zot
Where to? (Enter - D:1, ? - help)
Okay, then.
(D) Dungeon (T) Temple (L) Lair (A) Shoals (P) Snake Pit (M) Slime Pits (O) Orcish Mines (E) Elven Halls (V) Vaults (C) Crypt (U) Depths (H) Hell (Z) Zot
Where to? (Enter - D:1, ? - help)
Okay, then.
Unknown command.
There is an open door here.
There is a staircase leading out of the dungeon here.
You have escaped!

.#
#################....####
.######
#...................##
......#
#.#####.#...........#
.####.# #.#
#...#########.#
.####.###.# ##.## #.#
...#...##.# ###'### #.#
.......##†####.....# #.#
.#...........#.....# #)#
.#..[.....####..@..# #.#
.#...........#.....# #.#
.##..>.#######.....# #)#
.##....# ###+##########.#
.##..### #.#............#
.##..#
######.##.###########
.##..# #.........# .##..#
#.####.#### .....# #.#
#.#


There were no monsters in sight!

Vanquished Creatures
  3 dread liches (Zot:5)
  4 orbs of fire
  2 ancient liches (Zot:5)
  6 Killer Klowns (Zot:5)
  Bai Suzhen (Shoals:3)
  Boris (twice) (Vaults:3 Vaults:5)
  Vashnia (Snake:4)
  2 caustic shrikes
  A curse toe (Zot:5)
  A shard shrike (shapeshifter) (Vaults:5)
  7 golden dragons
  2 electric golems (Zot:5)
  A bone dragon (Depths:4)
  11 tentacled monstrosities
  27 Orb Guardians
  6 liches
  3 quicksilver dragons
  2 pandemonium lords
  Asterion (Elf:3)
  6 titans
  3 deep elf blademasters (Elf:3)
  The ghost of diceflayer the Slayer, an adept DsFi of Okawaru (Snake:1)
  A kraken (Shoals:4)
  The ghost of shugdite the Slayer, an adept MiFi of Okawaru (Shoals:2)
  2 deep elf master archers (Elf:3)
  2 Executioners
  4 sphinxes
  7 death cobs
  5 shadow dragons
  5 tengu reavers
  Agnes (Snake:2)
  14 storm dragons
  Kirke (D:15)
  3 nagarajas
  8 draconian monks
  4 draconian knights
  13 frost giants
  7 fire giants
  Roxanne (D:14)
  9 deep elf sorcerers
  An iron dragon (Depths:4)
  2 draconian scorchers
  A ghost moth (Zot:3)
  21 vault wardens
  Aizul (Elf:3)
  Louise (D:15)
  An orc warlord (Vaults:1)
  A balrug (Depths:4)
  2 draconian shifters
  4 deep elf elementalists (Elf:3)
  2 demonspawn blood saints
  22 very ugly things
  A juggernaut skeleton (Depths:2)
  A draconian annihilator (Zot:5)
  2 spriggan defenders
  22 ironbound preservers
  6 war gargoyles
  4 draconian stormcallers
  20 stone giants
  11 ironbound thunderhulks
  6 green draconians
  7 deep elf demonologists
  A vampire knight (Depths:3)
  Azrael (D:15)
  7 black draconians
  3 demonspawn black suns (Zot:3)
  7 deep elf annihilators (Elf:3)
  9 red draconians
  4 spark wasps
  6 purple draconians
  3 dire elephants (Vaults:3)
  3 white draconians
  A lorocyproca (D:12)
  Snorg (Orc:2)
  A yellow draconian (Zot:2)
  11 merfolk impalers
  11 ettins
  3 deep elf death magi
  2 merfolk javelineers (Shoals:4)
  5 great orbs of eyes
  5 deep elf high priests
  3 blizzard demons
  36 vault guards
  13 yaktaur captains
  6 fire dragons
  2 entropy weavers
  2 salamander tyrants (Snake:4)
  A peacekeeper (Vaults:4)
  Harold (Orc:1)
  3 merfolk avatars
  9 rakshasas
  12 ice dragons
  An alligator snapping turtle (Shoals:4)
  5 catoblepae
  3 merfolk aquamancers
  9 centaur warriors
  6 anacondas
  6 ogre magi
  A satyr (Shoals:3)
  5 ironbound frosthearts
  14 two-headed ogres
  23 death yaks
  16 dancing weapons
  4 spriggan air magi
  15 naga warriors
  7 boulder beetles
  18 naga sharpshooters
  Urug (Lair:2)
  2 two-headed ogres (shapeshifter)
  7 tengu warriors
  A vampire mage (Depths:2)
  9 deep troll earth magi
  A deep troll shaman (Depths:4)
  A hell hog (Depths:1)
  9 shock serpents
  A shock serpent (shapeshifter) (Vaults:5)
  7 spriggan berserkers
  8 spriggans
  4 sun demons
  5 hell knights (Depths:1)
  4 soul eaters (Depths:1)
  A salamander mystic (Depths:4)
  9 deep elf knights
  A titan skeleton (Depths:2)
  A skyshark (Shoals:1)
  5 iron trolls
  5 sea snakes
  32 deep trolls
  2 flayed ghosts
  A glowing orange brain (shapeshifter) (Depths:2)
  A shadow demon (Depths:4)
  5 wizards
  3 glowing orange brains
  A death drake (shapeshifter) (Vaults:5)
  10 deep elf archers
  8 ironbound convokers
  5 naga ritualists
  8 lindwurms
  5 necromancers
  29 deep elf zephyrmancers
  5 orc knights
  7 phantasmal warriors
  A sphinx zombie (Depths:2)
  36 deep elf pyromancers
  42 ugly things
  9 harpies
  6 cyclopes
  15 mana vipers
  16 manticores
  2 frost giant zombies
  12 salamanders
  4 merfolk sirens
  7 fauns
  3 rust devils
  2 guardian serpents (shapeshifter) (Depths:2)
  10 elephants
  40 black mambas
  10 vault sentinels
  4 guardian serpents
  18 moths of wrath
  13 naga magi
  4 water nymphs
  A molten gargoyle (Depths:1)
  4 smoke demons
  10 cane toads
  An orange demon (Depths:2)
  2 torpor snails
  A yaktaur (shapeshifter) (Vaults:5)
  Maggie (D:9)
  7 rime drakes
  3 freezing wraiths
  11 komodo dragons
  4 tengu conjurers
  26 yaktaurs
  3 ice devils
  26 merfolk
  10 polar bears
  A queen bee (D:13)
  A hellwing (Depths:4)
  3 meliai (D:13)
  6 harpy zombies (Shoals:4)
  6 wind drakes
  4 trolls
  9 hornets
  An ettin zombie (Depths:2)
  6 dream sheep (Lair:5)
  7 blink frogs
  2 fire giant simulacra (Depths:1)
  A jumping spider (shapeshifter) (Vaults:5)
  9 snapping turtles
  4 air elementals
  A centaur simulacrum (D:14)
  26 slime creatures
  2 shadows (D:11)
  3 large abominations (D:9)
  13 water elementals
  3 spriggan skeletons
  79 yaks
  4 fire elementals
  4 fire bats (Depths:1)
  A hog (D:15)
  21 humans
  6 wyverns
  4 wraiths
  A human (shapeshifter) (Vaults:5)
  4 redbacks
  12 vampire mosquitoes
  3 basilisks
  2 wargs
  Edmund (D:6)
  47 nagas
  3 acid dragons
  13 water moccasins
  5 hell hounds (D:15)
  12 orc warriors
  4 sky beasts
  3 black bears
  A glowing shapeshifter skeleton (Depths:2)
  A swamp drake (D:9)
  A manticore zombie (Shoals:4)
  An ice beast (D:7)
  27 ogres
  A boggart (shapeshifter) (D:15)
  27 wolves
  12 centaurs
  2 kobold brigands
  12 bullfrogs
  4 earth elementals
  6 scorpions
  15 wights
  29 killer bees
  A howler monkey (D:6)
  2 crimson imps
  7 jellies
  13 orc priests
  A gnoll bouda (D:4)
  2 hounds
  An iron imp (D:9)
  Terence (D:3)
  Natasha (thrice) (D:4)
  8 hell rats (Lair:2)
  4 iguanas
  Ijyb (D:3)
  20 orc wizards
  3 sleepcaps
  7 gnolls (D:4)
  14 river rats (Lair:2)
  6 adders
  3 shadow imps
  5 white imps
  4 worms
  4 dart slugs
  61 orcs
  13 ball pythons
  10 bats
  18 endoplasms
  6 giant cockroaches
  6 goblins
  6 hobgoblins
  11 jackals
  A kobold (shapeshifter) (Vaults:1)
  8 quokkas
  3 frilled lizards
  21 kobolds
  19 rats
  16 butterflies (Elf:3)
  2 spectral weapons
  4 tentacles (Shoals:4)
1984 creatures vanquished.

Vanquished Creatures (others)
  A titan (Vaults:5)
  A fire giant (Vaults:1)
  An ironbound convoker (Vaults:5)
  An orc (D:9)
  22 fungi
  39 plants
  4 tentacles (Shoals:4)
  10 toadstools (D:3)
79 creatures vanquished.

Grand Total: 2063 creatures vanquished

Notes
Turn   | Place    | Note
-------+----------+-------------------------------------------
     0 | D:1      | fun123 the Minotaur Gladiator began the quest for the Orb.
     0 | D:1      | Reached XP level 1. HP: 18/18 MP: 0/0
    63 | D:1      | Reached XP level 2. HP: 22/25 MP: 1/1
   319 | D:1      | Reached skill level 5 in Polearms
   536 | D:1      | Reached XP level 3. HP: 30/30 MP: 2/2
   657 | D:2      | Found a faded altar of an unknown god.
   964 | D:2      | Reached XP level 4. HP: 37/37 MP: 3/3
  1250 | D:3      | Noticed Ijyb
  1264 | D:3      | Killed Ijyb
  1433 | D:3      | Noticed Terence
  1441 | D:3      | Killed Terence
  1442 | D:3      | Reached XP level 5. HP: 39/42 MP: 4/4
  1894 | D:3      | Reached XP level 6. HP: 36/51 MP: 5/5
  2066 | D:3      | Found a shadowy altar of Dithmenos.
  2583 | D:4      | Reached skill level 5 in Fighting
  2756 | D:4      | Reached XP level 7. HP: 57/61 MP: 6/6
  3158 | D:4      | Noticed Natasha
  3161 | D:4      | Killed Natasha
  3166 | D:4      | Noticed Natasha
  3172 | D:4      | Killed Natasha
  3269 | D:4      | Noticed Natasha
  3274 | D:4      | Killed Natasha
  3413 | D:4      | Reached skill level 10 in Polearms
  3469 | D:5      | Entered Level 5 of the Dungeon
  3571 | D:5      | Reached XP level 8. HP: 68/68 MP: 7/7
  3612 | D:5      | Found a burning altar of Makhleb.
  3918 | D:5      | Found a staircase to the Ecumenical Temple.
  3930 | Temple   | Entered the Ecumenical Temple
  4513 | D:6      | Noticed Edmund
  4551 | D:6      | Killed Edmund
  4762 | D:6      | Found the +8 mithril axe "Arga" {speed, Will+}
  5097 | D:6      | Found an iron altar of Okawaru.
  5187 | D:6      | Reached skill level 1 in Axes
  5321 | D:6      | Found a bloodstained altar of Trog.
  5480 | D:6      | Became a worshipper of Warmaster Okawaru
  5524 | D:7      | Reached XP level 9. HP: 79/79 MP: 8/8
  5554 | D:7      | Identified the +0 ring mail of Mybryama {-Tele Str-5 Dex+6
                  | SInv}
  5649 | D:7      | Reached skill level 5 in Axes
  5816 | D:7      | Noticed a cyan ugly thing
  5843 | D:7      | Killed a cyan ugly thing
  5843 | D:7      | Reached * piety under Okawaru
  5874 | D:7      | Reached ** piety under Okawaru
  5881 | D:7      | Reached skill level 10 in Axes
  6461 | D:8      | Reached XP level 10. HP: 78/86 MP: 9/9
  6783 | D:8      | Reached *** piety under Okawaru
  7166 | D:9      | Noticed Maggie
  7186 | D:9      | Killed Maggie
  7187 | D:9      | Reached skill level 1 in Invocations
  7410 | D:9      | Noticed a two-headed ogre
  7415 | D:9      | Killed a two-headed ogre
  7415 | D:9      | Received a gift from Okawaru
  7453 | D:9      | Noticed a two-headed ogre
  7475 | D:9      | Killed a two-headed ogre
  7720 | D:9      | Reached skill level 5 in Invocations
  7833 | D:9      | Paralysed by a hornet for 2 turns
  7840 | D:9      | Reached skill level 10 in Fighting
  8000 | D:9      | Reached XP level 11. HP: 99/99 MP: 13/13
  8229 | D:9      | Reached skill level 1 in Armour
  8248 | D:9      | Noticed a deep elf pyromancer
  8257 | D:9      | Killed a deep elf pyromancer
  8257 | D:9      | Reached **** piety under Okawaru
  8279 | D:9      | Noticed a deep elf zephyrmancer
  8289 | D:9      | Killed a deep elf zephyrmancer
  8416 | D:10     | Entered Level 10 of the Dungeon
  8492 | D:10     | Found a staircase to the Lair.
  8534 | D:10     | Reached skill level 1 in Shields
  8866 | D:10     | Reached skill level 5 in Dodging
  8869 | D:10     | Noticed a five-headed hydra
  8869 | D:10     | Noticed a centaur warrior
  8869 | D:10     | Noticed a brown ugly thing
  8869 | D:10     | Noticed a tengu warrior
  8869 | D:10     | Noticed a boulder beetle
  8870 | D:10     | Noticed a boulder beetle
  8870 | D:10     | Noticed a brown ugly thing
  8974 | D:11     | Reached skill level 2 in Shields
  9024 | D:11     | Noticed a two-headed ogre
  9031 | D:11     | Killed a two-headed ogre
  9031 | D:11     | Received a gift from Okawaru
  9032 | D:11     | Reached skill level 5 in Armour
  9032 | D:11     | Reached skill level 4 in Shields
  9187 | D:11     | Reached skill level 5 in Shields
  9211 | D:11     | Reached ***** piety under Okawaru
  9240 | D:11     | Found a frozen archway.
  9241 | D:11     | Noticed an ice dragon
  9266 | D:11     | Killed an ice dragon
  9374 | IceCv    | Entered an ice cave
  9402 | IceCv    | Noticed a death yak
  9403 | IceCv    | Noticed a death yak
  9417 | IceCv    | Killed a death yak
  9417 | IceCv    | Received a gift from Okawaru
  9417 | IceCv    | Found the +8 Wrath of Trog {antimagic, *Rage Rampage}
  9418 | IceCv    | Reached XP level 12. HP: 111/113 MP: 6/15
  9432 | IceCv    | Killed a death yak
  9526 | IceCv    | Noticed a death yak
  9527 | IceCv    | Noticed a death yak
  9538 | IceCv    | Killed a death yak
  9539 | IceCv    | Killed a death yak
  9539 | IceCv    | Noticed a death yak
  9543 | IceCv    | Killed a death yak
  9807 | IceCv    | Noticed a death yak
  9807 | IceCv    | Noticed a frost giant
  9820 | IceCv    | Killed a death yak
  9837 | IceCv    | Killed a frost giant
 10016 | IceCv    | Got the Octavo of the Snowflakes
 10053 | IceCv    | Noticed a death yak
 10053 | IceCv    | Noticed a death yak
 10053 | IceCv    | Noticed a death yak
 10069 | IceCv    | Killed a death yak
 10070 | IceCv    | Reached skill level 10 in Invocations
 10072 | IceCv    | Killed a death yak
 10077 | IceCv    | Killed a death yak
 10122 | IceCv    | Noticed a death yak
 10133 | IceCv    | Killed a death yak
 10727 | Lair:1   | Entered Level 1 of the Lair of Beasts
 10938 | Lair:1   | Reached XP level 13. HP: 125/125 MP: 17/19
 10940 | Lair:1   | Reached skill level 15 in Fighting
 10943 | Lair:1   | Identified the +5 dire flail of Impermanence {drain, rC+
                  | rCorr} (Okawaru gifted it to you on level 1 of the Lair of
                  | Beasts)
 10943 | Lair:1   | Received a gift from Okawaru
 11821 | Lair:2   | Noticed Urug
 11837 | Lair:2   | Killed Urug
 12032 | Lair:2   | Found a staircase to the Shoals.
 12554 | Lair:2   | Found a staircase to the Snake Pit.
 13744 | Lair:3   | Received a gift from Okawaru
 13832 | Lair:3   | Identified a scroll of acquirement
 13832 | Lair:3   | Acquired a +2 kite shield of protection
 13969 | Lair:4   | Reached skill level 6 in Shields
 13979 | Lair:4   | Reached skill level 7 in Shields
 13987 | Lair:4   | Reached XP level 14. HP: 110/138 MP: 20/20
 14083 | Lair:4   | Reached skill level 8 in Shields
 14101 | Lair:4   | Found a glowing silver altar of Zin.
 14216 | Lair:4   | Reached skill level 9 in Shields
 14433 | Lair:5   | Entered Level 5 of the Lair of Beasts
 14520 | Lair:5   | Found a runed translucent door.
 14521 | Lair:5   | Found a viscous altar of Jiyva.
 14521 | Lair:5   | Noticed an acid blob
 14522 | Lair:5   | Noticed an acid blob
 14523 | Lair:5   | Found a staircase to the Slime Pits.
 14563 | Lair:5   | Reached skill level 10 in Shields
 14798 | Lair:5   | Reached skill level 11 in Shields
 14947 | Lair:5   | Identified the +1 pair of gloves of Dust Devil {rPois
                  | Str+3} (Okawaru gifted it to you on level 5 of the Lair of
                  | Beasts)
 14947 | Lair:5   | Received a gift from Okawaru
 14965 | Lair:5   | Reached skill level 12 in Shields
 15075 | Lair:5   | Reached skill level 13 in Shields
 15093 | Lair:5   | Identified the +4 mace "Zuipt" {flame, *Rage *Noise rF+++
                  | Stlth+}
 15682 | D:12     | Found a staircase to the Orcish Mines.
 15690 | D:12     | Identified the +8 quarterstaff of Hiraq {freeze, rC+ Int+3
                  | Dex+2 Stlth+}
 15990 | Orc:1    | Entered Level 1 of the Orcish Mines
 16039 | Orc:1    | Noticed Harold
 16047 | Orc:1    | Killed Harold
 16048 | Orc:1    | Reached skill level 14 in Shields
 16186 | Orc:2    | Entered Level 2 of the Orcish Mines
 16186 | Orc:2    | Found Hamipaci's Jewellery Shoppe.
 16206 | Orc:2    | Found a staircase to the Elven Halls.
 16419 | Orc:2    | Reached skill level 15 in Shields
 16419 | Orc:2    | Found Ehid's Assorted Antiques.
 16419 | Orc:2    | Found Cittowed's Magic Scroll Emporium.
 16425 | Orc:2    | Reached XP level 15. HP: 116/146 MP: 15/21
 16427 | Orc:2    | Found Diruad's Armour Emporium.
 16427 | Orc:2    | Found Ymiesi's Magic Scroll Shop.
 16428 | Orc:2    | Noticed Snorg
 16452 | Orc:2    | Killed Snorg
 16808 | Orc:2    | Bought a lumpy orange potion for 24 gold pieces
 16808 | Orc:2    | Bought a potion of heal wounds for 135 gold pieces
 16808 | Orc:2    | Bought a glowing emerald potion for 24 gold pieces
 16808 | Orc:2    | Bought a scroll of enchant armour for 202 gold pieces
 16808 | Orc:2    | Bought a silvery potion for 24 gold pieces
 16809 | Orc:2    | Bought a scroll of identify for 26 gold pieces
 16809 | Orc:2    | Bought a scroll of identify for 26 gold pieces
 16809 | Orc:2    | Bought a scroll of identify for 26 gold pieces
 16809 | Orc:2    | Bought a scroll of teleportation for 39 gold pieces
 16809 | Orc:2    | Bought a scroll of identify for 26 gold pieces
 16809 | Orc:2    | Bought a scroll of identify for 26 gold pieces
 16809 | Orc:2    | Bought a scroll of fog for 52 gold pieces
 16810 | Orc:2    | Bought a scroll of identify for 26 gold pieces
 16810 | Orc:2    | Bought a scroll of fog for 52 gold pieces
 16905 | D:13     | Received a gift from Okawaru
 17212 | D:13     | Found a gate to the Vaults.
 17233 | D:13     | Reached skill level 10 in Dodging
 17237 | D:13     | Reached skill level 10 in Armour
 17864 | D:14     | Received a gift from Okawaru
 18094 | D:14     | Identified Roxanne's Guidebook on Teratogeny
 18094 | D:14     | Noticed Roxanne
 18108 | D:14     | Killed Roxanne
 18317 | D:14     | Found Buemuiv's Book Emporium.
 18393 | D:14     | Received a gift from Okawaru
 18553 | D:15     | Entered Level 15 of the Dungeon
 18640 | D:15     | Noticed Kirke
 18655 | D:15     | Killed Kirke
 18720 | D:15     | Identified the +6 halberd of the Dove {venom, Fragile Int+8
                  | Dex+2} (Okawaru gifted it to you on level 15 of the
                  | Dungeon)
 18720 | D:15     | Received a gift from Okawaru
 19036 | D:15     | Reached XP level 16. HP: 159/159 MP: 22/22
 19037 | D:15     | Found a staircase to the Depths.
 19246 | D:15     | Noticed Louise
 19247 | Abyss:2  | Cast into level 2 of the Abyss (Louise)
 19255 | Abyss:2  | Found a corrupted altar of Lugonu.
 19326 | D:15     | Escaped the Abyss
 19348 | D:15     | Killed Louise
 19378 | D:15     | Noticed Azrael
 19394 | D:15     | Killed Azrael
 19727 | Snake:1  | Entered Level 1 of the Snake Pit
 20076 | Snake:1  | Identified the +1 robe of the Ladybird {rF- Str+5 Int+4}
 20105 | Snake:1  | Received a gift from Okawaru
 20216 | Snake:1  | Found a runed translucent gate.
 20227 | Snake:1  | Found a transporter.
 20227 | Snake:1  | Found a runed translucent gate.
 20227 | Snake:1  | Found a runed translucent gate.
 20227 | Snake:1  | Noticed diceflayer's ghost (adept DsFi)
 20231 | Snake:1  | Found a transporter.
 20455 | Snake:1  | Found a transporter.
 20455 | Snake:1  | Found a transporter.
 20540 | Snake:1  | Found a transporter.
 20607 | Snake:1  | Killed diceflayer's ghost
 20623 | Snake:1  | Identified the ring of the Inviting Pariah {rF++ rC+ rN+
                  | Will+ Int-3}
 21061 | Snake:2  | Noticed Agnes
 21073 | Snake:2  | Killed Agnes
 21169 | Snake:2  | Reached skill level 15 in Armour
 21310 | Snake:2  | Received a gift from Okawaru
 22495 | Snake:3  | Reached XP level 17. HP: 130/172 MP: 21/23
 22539 | Snake:3  | Found Voes Jei's Self-Improvement Boutique.
 22551 | Snake:3  | Bought a manual of Axes for 1440 gold pieces
 23272 | Snake:4  | Entered Level 4 of the Snake Pit
 23332 | Snake:4  | Noticed Vashnia
 23355 | Snake:4  | Killed Vashnia
 23360 | Snake:4  | Received a gift from Okawaru
 23430 | Snake:4  | Reached skill level 15 in Axes
 23550 | Snake:4  | Found Yneeso's CLEARANCE SALE!.
 23952 | Snake:4  | Noticed a quicksilver dragon
 23954 | Snake:4  | Noticed a quicksilver dragon
 23965 | Snake:4  | Killed a quicksilver dragon
 23965 | Snake:4  | Identified the +0 executioner's axe of the Orcish Mines
                  | {elec, Fragile rC- Str+9 Int+3} (Okawaru gifted it to you
                  | on level 4 of the Snake Pit)
 23965 | Snake:4  | Received a gift from Okawaru
 23970 | Snake:4  | Killed a quicksilver dragon
 24067 | Snake:4  | Got a serpentine rune of Zot
 24784 | Elf:1    | Entered Level 1 of the Elven Halls
 24938 | Elf:1    | Received a gift from Okawaru
 24973 | Elf:1    | Got the Vellum of Blasts
 25579 | Elf:2    | Reached XP level 18. HP: 180/180 MP: 24/24
 25630 | Elf:2    | Found a runed translucent gate.
 25631 | Elf:2    | Found a runed translucent gate.
 25631 | Elf:2    | Found a runed translucent gate.
 25679 | Elf:2    | Paralysed by an air elemental for 1 turns
 25923 | Elf:2    | Paralysed by an air elemental for 1 turns
 25925 | Elf:2    | Paralysed by an air elemental for 1 turns
 26358 | Elf:3    | Entered Level 3 of the Elven Halls
 26402 | Elf:3    | Identified the +0 pair of boots of the Lost Path {Int+6}
                  | (Okawaru gifted it to you on level 3 of the Elven Halls)
 26402 | Elf:3    | Received a gift from Okawaru
 26676 | Elf:3    | Identified the +3 lajatang of Trial by Ordeal {pain, Str+3}
 26676 | Elf:3    | Identified the ring of Udeok {Int+6 Dex+3}
 26860 | Elf:3    | Reached skill level 16 in Shields
 26918 | Elf:3    | Identified the staff of earth "Rama" {rF+ rN+ Str+4}
 26995 | Elf:3    | Identified the amulet "Xeudoelu" {+Inv rF+ Regen+}
 27015 | Elf:3    | Identified the staff of air "Paodgh" {rElec Dex+5}
 27023 | Elf:3    | Got the Vellum of Elliptic Illusion
 27064 | Elf:3    | Got the Reference Book on Battle Magic and Wanderlust
 27070 | Elf:3    | Identified the staff of earth "Inel" {Drain rC+ Str+2}
 27088 | Elf:3    | Got the Codex of the Reformed Summer
 27095 | Elf:3    | Got Rietit's Quarto of the Enchanted Map
 27117 | Elf:3    | Noticed a Brimstone Fiend
 27132 | Elf:3    | Identified the ring "Wutom" {rPois MP+9}
 27191 | Elf:3    | Found a huge runed gate.
 27191 | Elf:3    | Found a huge runed gate.
 27192 | Elf:3    | Found a huge runed gate.
 27192 | Elf:3    | Found a huge runed gate.
 27194 | Elf:3    | Found a huge runed gate.
 27195 | Elf:3    | Found a huge runed gate.
 27195 | Elf:3    | Found a huge runed gate.
 27195 | Elf:3    | Found a huge runed gate.
 27196 | Elf:3    | Found a huge runed gate.
 27196 | Elf:3    | Found a huge runed gate.
 27208 | Elf:3    | Found a huge runed gate.
 27208 | Elf:3    | Found a huge runed gate.
 27208 | Elf:3    | Found a huge runed gate.
 27208 | Elf:3    | Found a huge runed gate.
 27208 | Elf:3    | Found a huge runed gate.
 27208 | Elf:3    | Found a huge runed gate.
 27215 | Elf:3    | Found a huge runed gate.
 27216 | Elf:3    | Found a huge runed gate.
 27217 | Elf:3    | Found a huge runed gate.
 27228 | Elf:3    | Found a huge runed gate.
 27228 | Elf:3    | Found a huge runed gate.
 27228 | Elf:3    | Found a huge runed gate.
 27228 | Elf:3    | Found a huge runed gate.
 27228 | Elf:3    | Found a huge runed gate.
 27228 | Elf:3    | Found a huge runed gate.
 27229 | Elf:3    | Found a huge runed gate.
 27230 | Elf:3    | Found a huge runed gate.
 27231 | Elf:3    | Found a huge runed gate.
 27239 | Elf:3    | Found a huge runed gate.
 27239 | Elf:3    | Found a huge runed gate.
 27239 | Elf:3    | Found a huge runed gate.
 27239 | Elf:3    | Found a huge runed gate.
 27239 | Elf:3    | Found a huge runed gate.
 27239 | Elf:3    | Found a huge runed gate.
 27239 | Elf:3    | Found a huge runed gate.
 27240 | Elf:3    | Found a huge runed gate.
 27404 | Elf:3    | Noticed Asterion
 27416 | Elf:3    | Killed Asterion
 27528 | Elf:3    | Noticed Aizul
 27538 | Elf:3    | Killed Aizul
 27828 | Elf:3    | Identified the staff of death "Soacetid" {*Slow rN+ Will+++
                  | Dex-4 Stlth+}
 28190 | Shoals:1 | Entered Level 1 of the Shoals
 28486 | Shoals:1 | Reached XP level 19. HP: 189/190 MP: 26/26
 28508 | Shoals:1 | Found Optastru's General Store.
 28523 | Shoals:1 | Bought a +1 plate armour of cold resistance for 595 gold
                  | pieces
 29081 | Shoals:2 | Found a large runed translucent door.
 29081 | Shoals:2 | Found a large runed translucent door.
 29087 | Shoals:2 | Noticed shugdite's ghost (adept MiFi)
 29472 | Shoals:2 | Killed shugdite's ghost
 29608 | Shoals:3 | Noticed Bai Suzhen
 29627 | Shoals:3 | Killed Bai Suzhen
 29904 | Shoals:3 | Received a gift from Okawaru
 30418 | Shoals:4 | Entered Level 4 of the Shoals
 30905 | Shoals:4 | Got a barnacled rune of Zot
 31437 | Shoals:4 | Identified the staff of poison "Sinon" {rPois Str+3}
 32002 | Vaults:1 | Entered Level 1 of the Vaults
 32084 | Vaults:1 | Found Xipsekiu's Distillery.
 32102 | Vaults:1 | Bought a potion of invisibility for 104 gold pieces
 32102 | Vaults:1 | Bought a potion of heal wounds for 65 gold pieces
 32102 | Vaults:1 | Bought a potion of mutation for 104 gold pieces
 32102 | Vaults:1 | Bought 2 potions of resistance for 260 gold pieces
 32102 | Vaults:1 | Bought 2 potions of curing for 78 gold pieces
 32102 | Vaults:1 | Bought 2 potions of curing for 78 gold pieces
 32393 | Vaults:1 | Reached skill level 17 in Shields
 32867 | Vaults:1 | Identified the +1 tower shield of Qeepin Buiq {Will+}
                  | (Okawaru gifted it to you on level 1 of the Vaults)
 32867 | Vaults:1 | Received a gift from Okawaru
 33320 | Vaults:1 | Reached skill level 18 in Shields
 33331 | Vaults:1 | Reached XP level 20. HP: 189/200 MP: 29/29
 33673 | Vaults:2 | Reached skill level 19 in Shields
 34266 | Vaults:2 | Reached skill level 20 in Shields
 34292 | Vaults:2 | Found a staircase to the Crypt.
 34292 | Vaults:2 | Found a basalt altar of Yredelemnul.
 34293 | Vaults:2 | Found an ancient bone altar of Kikubaaqudgha.
 35199 | Vaults:3 | Reached skill level 21 in Shields
 35232 | Vaults:3 | Noticed Boris
 35255 | Vaults:3 | Killed Boris
 35404 | Vaults:3 | Identified the +4 plate armour of Gudior {Rampage} (Okawaru
                  | gifted it to you on level 3 of the Vaults)
 35404 | Vaults:3 | Received a gift from Okawaru
 36195 | Vaults:4 | Reached skill level 22 in Shields
 36734 | Vaults:4 | Reached XP level 21. HP: 204/207 MP: 30/30
 37340 | Vaults:5 | Entered Level 5 of the Vaults
 37375 | Vaults:5 | Reached ****** piety under Okawaru
 37375 | Vaults:5 | Received a gift from Okawaru
 37524 | Vaults:5 | Noticed a golden dragon
 37632 | Vaults:5 | Identified the +9 dire flail of Zerchel Yne {freeze, rPois
                  | rF+} (Okawaru gifted it to you on level 5 of the Vaults)
 37632 | Vaults:5 | Received a gift from Okawaru
 37643 | Vaults:5 | Killed a golden dragon
 37646 | Vaults:5 | Identified the +2 leather armour of the Pirate {rElec rC+
                  | Regen+}
 37665 | Vaults:5 | Reached skill level 23 in Shields
 37748 | Vaults:5 | Noticed Boris
 37772 | Vaults:5 | Killed Boris
 37953 | Vaults:5 | Received a gift from Okawaru
 38111 | Vaults:5 | Got a silver rune of Zot
 38420 | Vaults:5 | a titan changed into a juggernaut
 38420 | Vaults:5 | Noticed a juggernaut (glowing shapeshifter)
 38422 | Vaults:5 | a juggernaut changed into a shard shrike
 38422 | Vaults:5 | Noticed a shard shrike (glowing shapeshifter)
 38425 | Vaults:5 | Killed a shard shrike
 38426 | Vaults:5 | Reached XP level 22. HP: 173/220 MP: 31/31
 38564 | Vaults:5 | Got the Writings on the Graveyard and Austromancy
 38586 | Vaults:5 | Identified the +6 battleaxe of Unreason {protect, rF++ MP+9
                  | Int-5}
 38601 | Vaults:5 | Identified the +4 scimitar "Uscheb" {drain, Drain Will+
                  | Str+4}
 38602 | Vaults:5 | Found the +15 Maxwell's patent armour {-Cast -Tele rElec
                  | Will+ rCorr}
 38631 | Vaults:5 | Identified the staff of air "Raomoxeck" {rElec rC+ Str+3
                  | Int+3 Stlth-}
 38633 | Vaults:5 | Identified the +6 spear of Honour {flame, rC+ rN+}
 39074 | Depths:1 | Entered Level 1 of the Depths
 39078 | Depths:1 | Received a gift from Okawaru
 39239 | Depths:1 | Found a white marble altar of Elyvilon.
 39489 | Depths:1 | Found a gateway to Hell.
 39500 | Depths:1 | Received a gift from Okawaru
 39612 | Depths:1 | Acquired 1138 gold pieces
 39670 | Depths:1 | Found Fiath's Firing Range.
 39676 | Depths:1 | Bought 2 curare-tipped darts for 55 gold pieces
 39902 | Orc:2    | Bought a scroll of enchant armour for 97 gold pieces
 40151 | Depths:2 | Found a one-way gate leading to the halls of Pandemonium.
 40237 | Depths:2 | Found a one-way gateway to a ziggurat.
 40548 | Depths:2 | Reached skill level 15 in Dodging
 40622 | Depths:2 | Reached skill level 24 in Shields
 40723 | Depths:2 | Noticed a caustic shrike
 40734 | Depths:2 | Killed a caustic shrike
 40734 | Depths:2 | Received a gift from Okawaru
 41170 | Depths:3 | Received a gift from Okawaru
 41286 | Depths:3 | Found Luibb's Weapon Shoppe.
 41343 | Depths:3 | Noticed a golden dragon
 41344 | Depths:3 | Found a burning altar of Makhleb.
 41356 | Depths:3 | Killed a golden dragon
 41372 | Depths:3 | Identified the +7 long sword of Wyrd {freeze, rElec rPois
                  | rC+ Int+2}
 41381 | Depths:3 | Reached XP level 23. HP: 216/229 MP: 32/32
 41407 | Depths:3 | Identified the +3 ring mail of the Date {rElec rCorr Int+7}
 41407 | Depths:3 | Identified the ring of Toetium {Drain Fly rC+ SInv Stlth+}
 41408 | Depths:3 | Got the Treatise on Forms
 41647 | Depths:3 | Noticed a caustic shrike
 41662 | Depths:3 | Killed a caustic shrike
 41690 | Depths:3 | Found a one-way gate to the infinite horrors of the Abyss.
 42116 | Depths:4 | Entered Level 4 of the Depths
 42173 | Depths:4 | Received a gift from Okawaru
 42287 | Depths:4 | Identified the +4 barding of Yfom Kaj {Dex+5 Stlth+}
 42337 | Depths:4 | Found a gate to the Realm of Zot.
 43215 | Zot:1    | Entered Level 1 of the Realm of Zot
 43233 | Zot:1    | Identified the +1 broad axe of Intimidation {heavy, +Blink
                  | rPois} (Okawaru gifted it to you on level 1 of the Realm of
                  | Zot)
 43233 | Zot:1    | Received a gift from Okawaru
 43348 | Zot:2    | Reached skill level 25 in Shields
 43439 | Zot:3    | Received a gift from Okawaru
 43497 | Zot:3    | Noticed an orb of fire
 43538 | Zot:3    | Gained mutation: You occasionally shout uncontrollably at
                  | your foes. [an orb of fire]
 43560 | Zot:3    | Gained mutation: You are occasionally teleported next to
                  | monsters. [an orb of fire]
 43661 | Zot:3    | Gained mutation: Your spells are a little easier to cast,
                  | but a little less powerful. [an orb of fire]
 43664 | Zot:3    | Killed an orb of fire
 43755 | Zot:3    | Identified the +7 shortbow of Day {drain, *Corrode Fly
                  | Dex+2}
 43760 | Zot:3    | Identified the +3 dagger "Zemnaal" {drain, rC+ rN+ Str+4
                  | Int-4}
 43761 | Zot:3    | Got the Elucidation of The Black Sun
 43881 | Zot:3    | Reached XP level 24. HP: 243/243 MP: 32/32
 44224 | Zot:4    | Lost mutation: Your spells are a little easier to cast, but
                  | a little less powerful. [potion of mutation]
 44224 | Zot:4    | Lost mutation: You occasionally shout uncontrollably at
                  | your foes. [potion of mutation]
 44224 | Zot:4    | Gained mutation: Your muscles are strong. (Str +4, Int/Dex
                  | -1) [potion of mutation]
 44224 | Zot:4    | Gained mutation: You are often teleported next to monsters.
                  | [potion of mutation]
 44224 | Zot:4    | Gained mutation: You have a pair of large horns on your
                  | head. [potion of mutation]
 44225 | Zot:4    | Lost mutation: Your muscles are strong. (Str +4, Int/Dex
                  | -1) [potion of mutation]
 44225 | Zot:4    | Lost mutation: You are often teleported next to monsters.
                  | [potion of mutation]
 44225 | Zot:4    | Gained mutation: Armour fits poorly on your strangely
                  | shaped body. [potion of mutation]
 44225 | Zot:4    | Lost mutation: You are occasionally teleported next to
                  | monsters. [potion of mutation]
 44225 | Zot:4    | Gained mutation: Your movements are slightly less
                  | encumbered by armour. (ER -2) [potion of mutation]
 44226 | Zot:4    | Lost mutation: Armour fits poorly on your strangely shaped
                  | body. [potion of mutation]
 44226 | Zot:4    | Lost mutation: You have a pair of large horns on your head.
                  | [potion of mutation]
 44226 | Zot:4    | Lost mutation: Your movements are slightly less encumbered
                  | by armour. (ER -2) [potion of mutation]
 44226 | Zot:4    | Gained mutation: You are frail. (-10% HP) [potion of
                  | mutation]
 44226 | Zot:4    | Gained mutation: You are partially covered in iridescent
                  | scales. (AC +2) [potion of mutation]
 44226 | Zot:4    | Gained mutation: You have a pair of large horns on your
                  | head. [potion of mutation]
 44227 | Zot:4    | Lost mutation: You have a pair of large horns on your head.
                  | [potion of mutation]
 44227 | Zot:4    | Lost mutation: You are partially covered in iridescent
                  | scales. (AC +2) [potion of mutation]
 44227 | Zot:4    | Gained mutation: You have sharp fingernails. [potion of
                  | mutation]
 44227 | Zot:4    | Gained mutation: You have hidden genetic potential. [potion
                  | of mutation]
 44227 | Zot:4    | Gained mutation: You are agile. (Dex +4, Str/Int -1)
                  | [potion of mutation]
 44228 | Zot:4    | Lost mutation: You are frail. (-10% HP) [potion of
                  | mutation]
 44228 | Zot:4    | Lost mutation: You are agile. (Dex +4, Str/Int -1) [potion
                  | of mutation]
 44228 | Zot:4    | Lost mutation: You have sharp fingernails. [potion of
                  | mutation]
 44228 | Zot:4    | Gained mutation: You sometimes lose your temper in combat.
                  | [potion of mutation]
 44229 | Zot:4    | Lost mutation: You sometimes lose your temper in combat.
                  | [potion of mutation]
 44229 | Zot:4    | Lost mutation: You have hidden genetic potential. [potion
                  | of mutation]
 44229 | Zot:4    | Gained mutation: Armour fits poorly on your strangely
                  | shaped body. [potion of mutation]
 44235 | Zot:5    | Entered Level 5 of the Realm of Zot
 44476 | Zot:5    | Noticed an ancient lich
 44848 | Zot:5    | Noticed an ancient lich
 44848 | Zot:5    | Noticed a dread lich
 44860 | Zot:5    | Killed an ancient lich
 44860 | Zot:5    | Noticed a Killer Klown
 44865 | Zot:5    | Noticed a Killer Klown
 44866 | Zot:5    | Noticed an orb of fire
 44868 | Zot:5    | Killed a dread lich
 44872 | Zot:5    | Noticed a Killer Klown
 44873 | Zot:5    | Noticed a dread lich
 44881 | Zot:5    | Noticed a dread lich
 44882 | Zot:5    | Killed a Killer Klown
 44885 | Zot:5    | Gained mutation: You are frail. (-10% HP) [an orb of fire]
 44890 | Zot:5    | Killed an orb of fire
 44890 | Zot:5    | Killed a Killer Klown
 44891 | Zot:5    | Reached skill level 26 in Shields
 44892 | Zot:5    | Killed a Killer Klown
 44897 | Zot:5    | Killed a dread lich
 44908 | Zot:5    | Killed a dread lich
 44908 | Zot:5    | Received a gift from Okawaru
 44915 | Zot:5    | Noticed an orb of fire
 44933 | Zot:5    | Noticed a Killer Klown
 44939 | Zot:5    | Noticed a Killer Klown
 44944 | Zot:5    | Noticed an orb of fire
 44949 | Zot:5    | Killed an orb of fire
 44952 | Zot:5    | Killed a Killer Klown
 44959 | Zot:5    | Noticed a Killer Klown
 44973 | Zot:5    | Killed a Killer Klown
 44992 | Zot:5    | Killed an ancient lich
 45007 | Arena    | Entered the Arena
 45014 | Arena    | Killed an orb of fire
 45053 | Zot:5    | Killed a Killer Klown
 45332 | Zot:5    | Got the Orb of Zot
 45560 | Depths:4 | Noticed Mebisodesa the pandemonium lord
 45582 | Depths:4 | Killed Mebisodesa the pandemonium lord
 45583 | Depths:4 | Reached XP level 25. HP: 229/229 MP: 26/32
 45679 | D:14     | Noticed Otueh the pandemonium lord
 45887 | D:6      | Noticed Icrodd the pandemonium lord
 45901 | D:6      | Killed Icrodd the pandemonium lord
 45995 | D:3      | Reached skill level 27 in Shields
 46047 | D:$      | Escaped with the Orb!

Illustrated notes

Levels and vault maps discovered:
D:1:      minmay_arrival_checkered_box, layout_loops_ring
D:2:      layout_rooms, hellmonk_ecumenical_altar_lost_god,
          minmay_shallow_snake_nest
D:3:      cheibrodos_fertilizer, layout_basic,
          nicolae_dithmenos_through_a_glass_darkly, st_stairs_14,
          minmay_divided_ellipse, uniq_terence, uniq_ijyb
D:4:      layout_basic, uniq_natasha
D:5:      layout_loops_ring, lightli_temple_of_fire, minmay_temple_entry_grid
D:6:      layout_basic, kennysheep_mini, mainiacjoe_overflow_alcove_4,
          serial_park_tiny_2, minmay_misc_feat_diagonals, minmay_circle_x,
          uniq_edmund
D:7:      layout_loops_cross, minmay_joined_circles
D:8:      layout_basic
D:9:      layout_roguey, hangedman_minor_magic, uniq_maggie
D:10:     layout_roguey, dpeg_oklobed_lair, minivault_12
D:11:     layout_rooms, portal_ice_cave_entry_animals_and_master,
          minmay_fire_ice_demons
D:12:     layout_cave_pools, david_orc_5
D:13:     layout_roguey [special_room_bee], grunt_vaults_entry_tiered,
          nicolae_burly_brawl
D:14:     layout_irregular_city, dk_noncrumbling_4, serial_shops,
          nicolae_shop_window_shopping, uniq_roxanne
D:15:     grunt_enter_depths_snipers, layout_loops_ring, minmay_misc_feat_room,
          uniq_louise, uniq_kirke, uniq_azrael
Temple:   mainiacjoe_temple_coin_purse
Lair:1:   wander_river, layout_gridlike
Lair:2:   lemuel_ratsnest, layout_regular_city, elwin_shoals_entry_rooms,
          nicolae_snake_entry_squirm, serial_bayou_shore_a, uniq_urug
Lair:3:   layout_regular_city
Lair:4:   layout_cave_shapes, basic_altar
Lair:5:   evilmike_catoblepas_cave, layout_long_grid, slime_entry_2
Shoals:1: layout_shoals, serial_shops, shop, nicolae_shoals_dead_sea_scrolls
Shoals:2: layout_shoals, ebering_ghost_disaster_area
Shoals:3: layout_shoals, uniq_bai_suzhen
Shoals:4: shoals_end_hangedman, layout_shoals, nicolae_shoals_undead_eyrie
Snake:1:  gammafunk_the_bubble [the_bubble_gammafunk_roulette], layout_onion,
          gammafunk_ghost_split
Snake:2:  layout_cave_town, nicolae_snake_mages_go_home, grunt_megastairs_5,
          uniq_agnes
Snake:3:  layout_basic, nicolae_shop_self_help
Snake:4:  hellmonk_snake_rune_quicksilver_temple, layout_cave_town,
          nicolae_shop_clearance, grunt_megastairs_3, uniq_vashnia
Orc:1:    dreamdust_wu_jian_sword_trials, layout_caves, uniq_harold
Orc:2:    st_orc_ogre_mass, layout_caves, serial_shops, shop, uniq_snorg
Elf:1:    eino_elf_arrival_customs, layout_geoelf_octagon, minmay_elf_sorcery
Elf:2:    nicolae_elf_blades_crystal_corner, layout_loops_corners
Elf:3:    minmay_elf_hall_quartered_circle, layout_loops_corners,
          not_door_vault_mu, uniq_aizul, uniq_asterion
Vaults:1: vaults_dpeg_spiral, vaults_room_door_hall,
          nicolae_vaults_closet_pinwheel_3, ontoclasm_vaults_spin,
          nicolae_vaults_storage_room_glass, v_alt_pattern_4,
          nicolae_vaults_tetromino_T_1, v_misc_32,
          nicolae_vaults_ninety_degrees, v_alt_pattern_1, grunt_vaults_funnel,
          nicolae_vaults_big_angled_halls, nicolae_vaults_hexular_roomagon,
          vaults_room_octagon, dpeg_vaults_pockets_of_resistance,
          layout_vaults_omnibox, serial_shops, nicolae_shop_industrial_runoff
Vaults:2: v_alt_pattern_1, v_rooms_1, nicolae_vaults_network_s,
          minmay_crypt_entry_necro_gods, nicolae_vaults_trapezoid_1,
          nicolae_vaults_little_squares_6, v_pattern_4,
          nicolae_vaults_crenellated_ambush, layout_vaults_omnigrid
Vaults:3: nicolae_vaults_stairing_the_circle, v_misc_3,
          nicolae_vaults_closet_pinwheel_6, nicolae_vaults_murderbox,
          hangedman_vaults_stretched_pinwheel, nicolae_vaults_diamond_1,
          nicolae_vaults_tetromino_T_2, layout_vaults_chaotic_city, uniq_boris
Vaults:4: v_misc_23, nicolae_vaults_network_quinsquares
          [nicolae_vaults_network_quincunx_subvault,
          nicolae_vaults_network_quincunx_subvault,
          nicolae_vaults_network_quincunx_subvault,
          nicolae_vaults_network_quincunx_subvault], hangedman_vaults_hat,
          nicolae_vaults_storage_room_statues, vaults_room_hangedman_quadrants,
          nicolae_vaults_wrenched, nicolae_vaults_trapezoid_1,
          nicolae_vaults_closet_pinwheel_4, nicolae_vaults_wine_cellar,
          ontoclasm_vaults_eye, nicolae_vaults_tetromino_T_1, v_misc_17,
          vaults_dpeg_encased_lava, layout_vaults_big_cross
Vaults:5
Depths:1: layout_cave_shapes, lemuel_doored_altar, hellmouth_3,
          nicolae_shop_firing_range
Depths:2: evilmike_marble_ring, layout_basic, enter_ziggurat_f, pf_coc_iceberg,
          rand_demon_pan_entry_8
Depths:3: minmay_the_grid_four_pointed_star
          [minmay_the_grid_triangle_9x9_shrine,
          minmay_the_grid_triangle_9x9_pentomino_pain,
          minmay_the_grid_triangle_9x9_sparse_checkered,
          minmay_the_grid_triangle_9x9_corruption,
          minmay_the_grid_prize_shrinking_boxes], layout_basic,
          minmay_misc_feat_hallway, hell_entry, serial_shops, shop, abyss_entry,
          st_stairs_12, infiniplex_staircase_pillars_1
Depths:4: evilmike_zot_entry_round, layout_long_grid, minmay_misc_feat_cross,
          marbit_kobold_abyss_entry, hellmouth_1, nicolae_lava_and_water
Zot:1:    layout_onion_interference, grunt_megastairs_4
Zot:2:    hellmonk_paralyzer, layout_basic, zot_minivault_2
Zot:3:    dreamdust_black_sun_cult, layout_onion_interference
Zot:4:    layout_cathedral_of_symmetry
Zot:5:    layout_gridlike, grunt_ministairs_9

Skill      XL: |  1  2  3  4  5  6  7  8  9 10 11 12 13 14 15 16 17 18 19 20 21 22 23 24 25 |
---------------+----------------------------------------------------------------------------+-----
Polearms       | 4 5 6 7 8 10 12 | 12.0
Fighting       | 3 5 7 10 12 14 16 18 20 21 22 23 24 25 26 | 26.9
Axes           | 3 10 12 20 | 20.9
Invocations    | 5 10 11 14 | 14.0
Armour         | 5 9 12 15 16 17 18 19 21 22 | 22.0
Dodging        | 5 6 10 11 12 14 15 17 19 | 19.5
Shields        | 5 7 15 16 18 22 23 24 25 26 27 | 27.0
Throwing       | |  2.0

Action                     |  1- 3 |  4- 6 |  7- 9 | 10-12 | 13-15 | 16-18 | 19-21 | 22-24 | 25-27 || total
---------------------------+-------+-------+-------+-------+-------+-------+-------+-------+-------++-------
  Melee: Trident           |   109 |   196 |   160 |       |       |       |       |       |       ||   465
         Headbutt          |    13 |    29 |    49 |    85 |   251 |   340 |   451 |   613 |    17 ||  1848
         Punch             |     3 |     3 |     2 |     4 |       |       |       |       |       ||    12
         Broad axe         |       |       |   100 |   392 |  1067 |  1294 |  1535 |  1732 |    51 ||  6171
  Throw: Dart              |       |       |       |       |     1 |       |       |       |       ||     1
 Invoke: Heroism           |       |       |       |    20 |    23 |    33 |    21 |    14 |     2 ||   113
         Finesse           |       |       |       |     3 |     5 |     9 |     5 |     9 |     1 ||    32
         Duel              |       |       |       |       |       |       |       |     1 |       ||     1
  Evoke: Wand              |       |       |       |       |       |       |       |     3 |       ||     3
    Use: Potion            |       |     2 |     1 |     1 |       |     4 |     4 |    19 |       ||    31
         Scroll            |       |       |     6 |     1 |    18 |     3 |    10 |    19 |       ||    57
   Stab: Distracted        |       |     1 |       |       |       |       |       |       |       ||     1
         Invisible         |       |     4 |       |       |       |       |       |       |       ||     4
         Sleeping          |       |       |       |       |       |     9 |       |       |       ||     9
         Confused          |       |       |       |       |       |       |       |     1 |       ||     1
 Armour: Leather armour    |    23 |     4 |       |       |       |       |       |       |       ||    27
         Scale mail        |       |     7 |       |       |       |       |       |       |       ||     7
         Plate armour      |       |    41 |    66 |    13 |       |       |    66 |       |       ||   186
         Chain mail        |       |     8 |       |       |       |       |       |       |       ||     8
         Acid dragon scale |       |       |       |    61 |   241 |   195 |       |       |       ||   497
         Storm dragon scal |       |       |       |       |       |       |   314 |   339 |       ||   653
  Dodge: Dodged            |    66 |    51 |    43 |   106 |   275 |   308 |   347 |   296 |     7 ||  1499
  Block: Other             |       |       |    27 |    18 |       |       |       |       |       ||    45
         Buckler           |       |       |       |    68 |    85 |       |       |       |       ||   153
         Reflection        |       |       |       |     4 |       |       |       |       |       ||     4
         Kite shield       |       |       |       |       |   401 |   556 |   325 |       |       ||  1282
         Tower shield      |       |       |       |       |       |       |   521 |   851 |    14 ||  1386
